 Dungeon Crawl Stone Soup version 0.27.1-1-g398f81649c (webtiles) character file.

Game seed: 3929477560160797428

7446 Rickety the Covert (level 10, -11/49 HPs)
             Began as a Spriggan Enchanter on Sept 12, 2021.
             Was an Elder of Dithmenos.
             Mangled by Harold (17 damage)
             ... on level 1 of the Lair of Beasts.
             The game lasted 00:33:45 (11927 turns).

Rickety the Covert (Spriggan Enchanter)            Turns: 11927, Time: 00:33:45

Health: -11/49     AC:  3    Str:  4    XL:     10   Next: 93%
Magic:  5/24       EV: 21    Int: 18    God:    Dithmenos [****..]
Gold:   436        SH:  5    Dex: 18    Spells: 15/27 levels left

rFire    . . .     SeeInvis +   a - +2 dagger (venom)
rCold    . . .     Faith    .   (shield restricted)
rNeg     . . .     Spirit   .   v - +1 robe
rPois    .         Reflect  +   (helmet restricted)
rElec    .         Harm     .   (no cloak)
rCorr    .         Rampage  .   (gloves unavailable)
Will     +....                  (boots unavailable)
Stlth    ++++++++..             e - amulet of reflection
HPRegen  0.16/turn              (no ring)
MPRegen  0.19/turn              (no ring)

@: wreathed by umbra, very quick
A: very small, no large weapons, unfitting armour, see invisible, speed 3
a: Renounce Religion, Shadow Step


You were on level 1 of the Lair of Beasts.
You worshipped Dithmenos.
Dithmenos was greatly pleased with you.
You visited 3 branches of the dungeon, and saw 10 of its levels.

You collected 436 gold pieces.

Inventory:

Hand Weapons
 a - a +2 dagger of venom (weapon)
 b - a +2 rapier of draining
 c - a +4 dagger of speed
 p - a +1 dagger
 A - a +1 short sword of venom
 C - a +3 dagger of speed
Missiles
 n - a throwing net
 x - 4 silver boomerangs
 D - 4 poisoned darts (quivered)
Armour
 v - a +1 robe (worn)
Jewellery
 e - an amulet of reflection (around neck)
 r - an amulet of the acrobat
Wands
 m - a wand of acid (11)
 s - a wand of paralysis (5)
 t - a wand of mindburst (16)
 y - a wand of polymorph (9)
Scrolls
 g - 2 scrolls of immolation
 h - 2 scrolls of fear
 i - 3 scrolls of noise
 l - 3 scrolls of teleportation
 G - 2 scrolls of enchant armour
 H - a scroll of fog
 I - a scroll of blinking {unknown}
Potions
 d - 2 potions of curing {unknown}
 f - 2 potions of ambrosia {unknown}
 j - a potion of haste
 k - 5 potions of heal wounds
 o - a potion of berserk rage {unknown}
 q - 6 potions of brilliance
 u - a potion of degeneration {unknown}
 w - 4 potions of mutation {unknown}
 z - a potion of cancellation {unknown}
 B - a potion of flight {unknown}
 E - a potion of lignification {unknown}
 F - a potion of magic {unknown}
 J - 2 potions of might


   Skills:
 * Level 3.3 Fighting
 * Level 5.4 Short Blades
 * Level 6.4 Dodging
 * Level 13.1 Stealth
 + Level 0.9 Shields
 * Level 9.2 Spellcasting
 - Level 3.0 Conjurations
 * Level 8.5 Hexes
 - Level 3.1 Ice Magic
 * Level 5.5 Evocations


You had 15 spell levels left.
You knew the following spells:

 Your Spells              Type           Power      Damage    Failure   Level
a - Corona                Hex            43%        N/A       1%          1
b - Ensorcelled Hibernat  Hex/Ice        58%        N/A       1%          2
c - Confusing Touch       Hex            39%        N/A       1%          3
d - Dazzling Flash        Conj/Hex       58%        N/A       2%          3
t - Tukima's Dance        Hex            39%        N/A       1%          3

Your spell library contained the following spells:

 Spells                   Type           Power      Damage    Failure   Level
 Animate Skeleton         Necr           16%        N/A       9%          1
 Pain                     Necr           32%        1d5       9%          1
 Spider Form              Tmut/Pois      4%         N/A       26%         3
 Vampiric Draining        Necr           4%         2d6       26%         3
 Silence                  Hex/Air        11%        N/A       38%         5
 Agony                    Necr           8%         N/A       94%         5
 Shadow Creatures         Summ           N/A        N/A       100%        6


Dungeon Overview and Level Annotations

Branches:
Dungeon (8/15)             Temple (1/1) D:4            Lair (1/6) D:8

Altars:
Ashenzari
Dithmenos
Elyvilon
Fedhas
Gozag
Hepliaklqana
Kikubaaqudgha
Makhleb
Nemelex Xobeh
Okawaru
Qazlal
Ru
Sif Muna
Trog
Uskayaw
Vehumet
Wu Jian
Xom
Yredelemnul
Zin
The Shining One

Shops:
D:1 (

Annotations:
Lair:1 Harold


Innate Abilities, Weirdness & Mutations

You are very small and have problems with some larger weapons.
You are too small for most types of armour.
You have supernaturally acute eyesight. (SInv)
You cover ground extremely quickly. (Speed+++)


Message History

Confirm with . or Enter, or press ? or * to list all spells.
Aiming: Ensorcelled Hibernation (safe; 1% risk of failure)
Press: ? - help, Shift-Dir - straight line, f/p - yak
Aim: a yak (umbra, chance to affect: 58%)
The yak resists with significant effort.
The yak completely misses you.
Casting: Ensorcelled Hibernation (safe; 1% risk of failure)
Confirm with . or Enter, or press ? or * to list all spells.
Aiming: Ensorcelled Hibernation (safe; 1% risk of failure)
Press: ? - help, Shift-Dir - straight line, f/p - yak
Aim: a yak (umbra, chance to affect: 58%)
The yak looks drowsy...
The helpless yak fails to defend itself.
You spit the yak like a pig!!!!
You kill the yak!
Dithmenos accepts your kill.
Casting: Ensorcelled Hibernation (safe; 1% risk of failure)
Confirm with . or Enter, or press ? or * to list all spells.
Aiming: Ensorcelled Hibernation (safe; 1% risk of failure)
Press: ? - help, Shift-Dir - straight line, f - yak
Aim: a yak (umbra, chance to affect: 58%)
The yak looks drowsy...
You block Harold's attack.
The yak bellows!
Items here: ††††.
You hit the yak but do no damage.
The yak is poisoned.
Your shadow hits the yak but does no damage.
The yak misses you.
Unknown command.
Casting: Ensorcelled Hibernation (safe; 1% risk of failure)
Confirm with . or Enter, or press ? or * to list all spells.
Your hands begin to glow red.
Harold hits you from afar with a +0 trident!
The yak closely misses you.
You hit the yak but do no damage.
Harold hits you from afar with a +0 trident!
You hit the yak but do no damage.
The yak appears confused.
The yak gores you!
* * * LOW HITPOINT WARNING * * *
Harold hits you from afar with a +0 trident!
You die...

##.##.# ##.P≈≈
#####.P#######.P≈≈
#..............≈PP
#..##..P######....
##.###..## #.... #P.#
#..# ##..#P ###...
##.# ##.# #..###
...... #.# #..## #.##
#$....#
#@###...#####.# .
....###Y##........#.#
..
....##@#...........###
..
#...#........#.#....##
###.
#..##........###.###..
.... #.....#.....##
#.P ###
#.##..#.....#.....#
#.## #
.................##
#.# .....#@.Y........#
..#


You could see Harold and a yak (confused, very poisoned).

Vanquished Creatures
  A two-headed ogre (D:8)
  Pikel (D:8)
  A black mamba (Lair:1)
  3 komodo dragons (D:8)
  Grinder (D:5)
  A wraith (D:6)
  6 yaks
  A basilisk (D:8)
  2 wyverns (D:8)
  2 steam dragons
  2 acid dragons
  4 water moccasins
  An orc warrior (D:4)
  A sky beast (D:6)
  A black bear (D:5)
  2 ice beasts (D:7)
  An ogre (D:5)
  4 necrophages
  A centaur (D:6)
  2 phantoms
  A lemure (D:8)
  2 kobold brigands
  A bullfrog (D:8)
  Blork the orc (D:5)
  3 scorpions
  A wyvern zombie (D:6)
  5 wights (D:8)
  2 bullfrog zombies (D:5)
  2 jellies
  A bullfrog skeleton (D:6)
  A gnoll shaman (D:7)
  3 hounds (D:4)
  An orc priest (D:3)
  5 iguanas
  3 orc wizards
  A howler monkey skeleton (D:5)
  7 gnolls
  7 adders
  An adder skeleton (D:4)
  2 worms (D:3)
  4 dart slugs
  21 orcs
  2 bats
  6 endoplasms
  2 giant cockroaches
  18 goblins
  12 hobgoblins
  4 quokkas (D:1)
  2 ball pythons
  4 frilled lizards
  32 kobolds
  4 rats
199 creatures vanquished.

Vanquished Creatures (collateral kills)
  A centaur (D:8)
  7 wights
  4 gnolls
12 creatures vanquished.

Vanquished Creatures (others)
  A dancing weapon (D:4)
  A fungus (Lair:1)
2 creatures vanquished.

Grand Total: 213 creatures vanquished

Notes
Turn   | Place    | Note
-------+----------+-------------------------------------------
     0 | D:1      | Rickety the Spriggan Enchanter began the quest for the Orb.
     0 | D:1      | Reached XP level 1. HP: 9/9 MP: 5/5
   101 | D:1      | Found Ythudetz's Antique Weapon Shop.
   194 | D:1      | Reached skill level 5 in Stealth
   194 | D:1      | Reached XP level 2. HP: 13/13 MP: 6/6
   199 | D:1      | Learned a level 2 spell: Ensorcelled Hibernation
   365 | D:1      | Found a faded altar of an unknown god.
  1013 | D:2      | Reached XP level 3. HP: 14/16 MP: 0/8
  1017 | D:2      | Learned a level 3 spell: Confusing Touch
  1507 | D:2      | Reached skill level 6 in Stealth
  2080 | D:2      | You fall into a shaft and drop 2 floors!
  2090 | D:4      | Reached XP level 4. HP: 21/21 MP: 6/9
  2096 | D:4      | Reached skill level 7 in Stealth
  2221 | D:4      | Reached XP level 5. HP: 20/24 MP: 5/10
  2405 | D:4      | HP: 1/24 [poisoned by an adder]
  2719 | D:4      | Reached skill level 8 in Stealth
  2726 | D:4      | Found a staircase to the Ecumenical Temple.
  2736 | Temple   | Entered the Ecumenical Temple
  2742 | Temple   | Became a worshipper of Dithmenos the Shadowed
  2779 | D:4      | Identified the +2 pair of gloves "Pemocu" {rCorr Str+5
                  | Int+3 Dex-5}
  2796 | D:4      | Reached XP level 6. HP: 16/28 MP: 3/12
  2803 | D:4      | Noticed an orc warrior
  2807 | D:4      | Reached skill level 1 in Ice Magic
  3738 | D:3      | Learned a level 3 spell: Tukima's Dance
  3742 | D:3      | Learned a level 3 spell: Dazzling Flash
  4166 | D:3      | Reached skill level 5 in Hexes
  4321 | D:4      | Reached * piety under Dithmenos
  4641 | D:4      | Killed an orc warrior
  4642 | D:4      | Reached skill level 9 in Stealth
  4759 | D:4      | Reached XP level 7. HP: 26/32 MP: 9/14
  4949 | D:5      | Entered Level 5 of the Dungeon
  5277 | D:5      | Reached skill level 10 in Stealth
  5365 | D:5      | Noticed Blork the orc
  5368 | D:5      | Noticed Grinder
  5380 | D:5      | Killed Blork the orc
  5391 | D:5      | Reached skill level 1 in Evocations
  5437 | D:5      | Killed Grinder
  5438 | D:5      | Reached skill level 1 in Fighting
  5438 | D:5      | Reached skill level 5 in Spellcasting
  5438 | D:5      | Reached XP level 8. HP: 37/37 MP: 6/16
  6000 | D:5      | Reached ** piety under Dithmenos
  6001 | D:5      | Reached skill level 1 in Conjurations
  7642 | D:6      | Reached XP level 9. HP: 42/42 MP: 19/19
  7646 | D:6      | Reached skill level 11 in Stealth
  8418 | D:7      | Reached *** piety under Dithmenos
  8791 | D:7      | Reached skill level 5 in Dodging
 10458 | D:8      | Noticed Pikel
 10583 | D:8      | Reached XP level 10. HP: 16/47 MP: 8/22
 10810 | D:8      | Killed Pikel
 10944 | D:8      | Reached skill level 5 in Short Blades
 10944 | D:8      | Reached skill level 12 in Stealth
 10947 | D:8      | Reached skill level 5 in Evocations
 11032 | D:8      | Found a staircase to the Lair.
 11328 | D:8      | Noticed a two-headed ogre
 11357 | D:8      | Killed a two-headed ogre
 11380 | D:8      | Reached **** piety under Dithmenos
 11631 | Lair:1   | Entered Level 1 of the Lair of Beasts
 11759 | Lair:1   | Noticed an eight-headed hydra
 11894 | Lair:1   | Noticed a black mamba
 11895 | Lair:1   | Noticed Harold
 11912 | Lair:1   | Killed a black mamba
 11913 | Lair:1   | Reached skill level 13 in Stealth
 11927 | Lair:1   | Mangled by Harold

Illustrated notes

Levels and vault maps discovered:
D:1:      minmay_arrival_shattered_statue, layout_basic, serial_shops, shop,
          chequers_ecumenical_altar_simple
D:2:      layout_basic
D:3:      layout_basic, due_unseen_surprise
D:4:      layout_basic, minmay_temple_entry_slanted, enter_ossuary_2,
          st_stairs_10
D:5:      corexii_shantytown, layout_loops_corners, uniq_grinder,
          uniq_blork_the_orc
D:6:      layout_loops_cross
D:7:      layout_basic, dk_vineyard_3
D:8:      layout_basic, erik_lair_dragon, uniq_pikel
Temple:   dpeg_three_leaves_temple
Lair:1:   layout_cave_pods, nicolae_quartered_pool_super, minivault_27,
          serial_bayou_shore_a, uniq_harold

Skill      XL: |  1  2  3  4  5  6  7  8  9 10 |
---------------+-------------------------------+-----
Stealth        | 5 6 7 8 9 10 11 13 | 13.1
Hexes          | 4 5 6 7 8 |  8.5
Spellcasting   | 3 4 5 6 7 9 |  9.2
Dodging        | 3 4 5 6 |  6.4
Ice Magic      | 1 2 3 |  3.1
Short Blades   | 2 3 4 5 |  5.4
Evocations     | 1 3 4 5 |  5.5
Fighting       | 1 2 3 |  3.3
Conjurations   | 2 3 |  3.0
Shields        | |  0.9

Action                   |  1- 3 |  4- 6 |  7- 9 | 10-12 || total
-------------------------+-------+-------+-------+-------++-------
Melee: Dagger            |    59 |   107 |   274 |    36 ||   476
       Short sword       |       |       |    28 |       ||    28
       Rapier            |       |       |    10 |       ||    10
 Cast: Corona            |     2 |       |       |       ||     2
       Ensorcelled Hiber |    36 |    56 |    42 |    26 ||   160
       Confusing Touch   |       |     3 |    13 |     3 ||    19
       Tukima's Dance    |       |     1 |    24 |     3 ||    28
       Dazzling Flash    |       |       |       |     1 ||     1
  Use: Scroll            |       |     2 |    12 |       ||    14
 Stab: Sleeping          |    30 |    34 |    53 |    16 ||   133
       Distracted        |     2 |       |       |       ||     2
       Confused          |       |     4 |     9 |     2 ||    15
       Invisible         |       |       |       |     1 ||     1
Armor: Robe              |     3 |     1 |     8 |     1 ||    13
Dodge: Dodged            |    26 |    61 |   160 |    25 ||   272
Block: Other             |       |    10 |    48 |     5 ||    63
       Reflection        |       |       |     4 |     1 ||     5
